 Dungeon Crawl Stone Soup version 0.27.0-1-g7a089689b8 (webtiles) character file.

Game seed: 9858128777734308214

47 ptdevnull the Magician (level 3, -2/25 HPs)
             Began as a Djinni Venom Mage on Aug 6, 2021.
             Slain by a worm (8 damage)
             ... on level 2 of the Dungeon.
             The game lasted 00:05:22 (2477 turns).

ptdevnull the Magician (Djinni Venom Mage)          Turns: 2477, Time: 00:05:23

Health: -2/25      AC:  4    Str:  7    XL:     3   Next: 97%
Gold:   82         EV: 12    Int: 17    God:
                   SH:  0    Dex: 13

rFire    + + .     SeeInvis .   d - +0 short sword
rCold    x . .     Faith    .   (no shield)
rNeg     . . .     Spirit   .   a - +0 robe
rPois    ∞         Reflect  .   (no helmet)
rElec    .         Harm     .   (no cloak)
rCorr    .         Rampage  .   c - +1 pair of gloves
Will     .....                  (boots unavailable)
Stlth    ++........             (no amulet)
HPRegen  0.08/turn              (no ring)
MPRegen  0.00/turn              (no ring)

@: flying
A: sickness immunity, fire resistance 2, cold vulnerability 1, float, innate
caster, hp casting, extra vitality 1
a: no special abilities


You were on level 2 of the Dungeon.
You visited 1 branch of the dungeon, and saw 2 of its levels.

You collected 82 gold pieces.

Inventory:

Hand Weapons
 d - a +0 short sword (weapon)
 g - a +0 hunting sling
Missiles
 h - 26 stones
Armour
 a - a +0 robe (worn)
 c - a +1 pair of gloves (worn)
Scrolls
 b - a scroll of amnesia {unknown}
 e - 4 scrolls of identify {unknown}
Potions
 f - a potion of brilliance {unknown}


   Skills:
 - Level 2.1 Dodging
 + Level 1.7 Stealth
 * Level 3.5 Spellcasting


You couldn't memorise any spells.
You knew the following spells:

 Your Spells              Type           Power      Damage    Failure   Level
a - Sting                 Tmut/Pois      60%        1d6       3%          1
b - Poisonous Vapours     Pois/Air       30%        N/A       6%          2
c - Mephitic Cloud        Conj/Pois/Air  15%        N/A       12%         3
d - Olgreb's Toxic Radia  Pois           15%        N/A       36%         4
e - Beastly Appendage     Tmut           30%        N/A       3%          1
Your spell library was empty.

Dungeon Overview and Level Annotations

Branches:
Dungeon (2/15)

Altars:


Innate Abilities, Weirdness & Mutations

You are immune to sickness and miasma.
You are immune to poison.
Your flesh is very heat resistant. (rF++)
You are vulnerable to cold. (rC-)
You float through the air rather than walking.
You learn spells naturally, not from books.
Your magical power is your life essence.
You have superior vitality. (+4 HP)


Message History

You barely miss the worm. The worm bites you.
Casting: Mephitic Cloud (quite dangerous; 12% risk of failure)
Confirm with . or Enter, or press ? or * to list all spells.
Aiming: Poisonous Vapours (safe; 6% risk of failure)
Press: ? - help, Dir - move target, f/p - worm
Aim: a worm Poisonous vapours surround the worm!
The worm is poisoned.
The worm bites you.
The worm looks more healthy.
Casting: Poisonous Vapours (safe; 6% risk of failure)
Confirm with . or Enter, or press ? or * to list all spells.
The spell is quite dangerous to cast (12% risk of failure)!
Continue anyway?
Aiming: Mephitic Cloud (quite dangerous; 12% risk of failure)
Press: ? - help, Shift-Dir - straight line, f/p - worm
Aim: a worm (lightly wounded, chance to affect: 81%)
The ball explodes into a vile cloud!
The stinking cloud engulfs the worm but does no damage.
The worm is lightly wounded.
The worm is engulfed in noxious fumes.
The worm appears confused.
The worm is engulfed in noxious fumes.
The worm appears confused.
You hit the worm.
The worm is lightly wounded.
You hit the worm.
The worm is lightly wounded.
You hit the worm.
The worm is moderately wounded.
The worm bites you.
* * * LOW HITPOINT WARNING * * *
You hit the worm but do no damage.
The worm is lightly wounded.
You hit the worm but do no damage.
The worm is lightly wounded.
The worm misses you.
You hit the worm.
The worm is moderately wounded.
You hit the worm.
The worm is heavily wounded.
You hit the worm.
The worm is severely wounded.
The worm bites you!
You die...

....>..
#.'..........#####
.......#
#.#........###..).
#.####.......#.###
#.# #.#####.#.#
#.# #.#<....#.#
#.# #.#..####.#
#.# #.#..####.#
#.# #.#.......#
#@# #.#.#######
#w# #.#.
########.# #.##
.........#
##########


You could see a worm (confused).

Vanquished Creatures
  An adder (D:2)
  A worm (D:2)
  5 endoplasms
  A giant cockroach (D:2)
  8 goblins
  2 hobgoblins (D:1)
  3 jackals (D:2)
  4 kobolds
  2 quokkas (D:1)
  3 ball pythons
  A bat (D:1)
  2 frilled lizards
33 creatures vanquished.

Notes
Turn   | Place    | Note
-------+----------+-------------------------------------------
     0 | D:1      | ptdevnull the Djinni Venom Mage began the quest for the
                  | Orb.
     0 | D:1      | Reached XP level 1. HP: 15/15 MP: 0/0
   156 | D:1      | Reached XP level 2. HP: 17/21 MP: 0/0
   236 | D:1      | Found a faded altar of an unknown god.
   407 | D:1      | Reached skill level 3 in Spellcasting
   898 | D:1      | Reached XP level 3. HP: 23/25 MP: 0/0
   898 | D:1      | Learned a level 1 spell: Beastly Appendage
  2477 | D:2      | Slain by a worm

Illustrated notes

Levels and vault maps discovered:
D:1:      tarquinn_simple_flora_water_c, layout_loops_ring,
          chequers_ecumenical_altar_twisty
D:2:      layout_basic

Skill      XL: |  1  2 |
---------------+-------+-----
Spellcasting   | 3 |  3.5
Dodging        | |  2.1
Stealth        | |  1.7

Action                   || total
-------------------------++-------
Melee: Short sword       ||    20
 Cast: Sting             ||    48
       Mephitic Cloud    ||     2
       Poisonous Vapours ||     2
  Use: Potion            ||     1
 Stab: Sleeping          ||     1
Armor: Robe              ||     2
Dodge: Dodged            ||    15
